 Dungeon Crawl Stone Soup version 0.28.0-53-g5a82cb258f (webtiles) character file.

Game seed: 2776036436453006283

116138 anyiome the Basher (level 16, -23/165 HPs)
             Began as a Troll Fighter on Aug 16, 2022.
             Was the Champion of Trog.
             Annihilated by an azure jelly (57 damage)
             ... on level 5 of the Lair of Beasts on Aug 18, 2022.
             The game lasted 02:26:02 (27208 turns).

anyiome the Basher (Troll Fighter)                 Turns: 27208, Time: 02:26:02

Health: -23/165    AC: 13    Str: 34    XL:     16   Next: 20%
Magic:  24/24      EV: 14    Int:  7    God:    Trog [******]
Gold:   1543       SH: 13    Dex: 15    Spells: 15/15 levels left

rFire   + . .      SeeInvis .   D - +5 war axe (freeze)
rCold   x . .      Faith    .   c - +1 kite shield
rNeg    . . .      Spirit   .   E - +3 swamp dragon scales
rPois   +          Reflect  .   (helmet restricted)
rElec   .          Harm     .   G - +0 cloak
rCorr   .          Rampage  .   (gloves unavailable)
Will    +....                   (boots unavailable)
Stlth   +.........              f - amulet of regeneration
HPRegen 1.97/turn               C - ring of Truth {Drain rPois MP+9 Int+3}
MPRegen 0.19/turn               y - ring of Lobul {Fire Drain Str+6 Slay+3}

@: studying Shields
A: large, unfitting armour, claws 3, regeneration 1, shaggy fur 1, tough skin 1
a: Renounce Religion, Berserk, Trog's Hand, Brothers in Arms


You were on level 5 of the Lair of Beasts.
You worshipped Trog.
Trog was exalted by your worship.
You visited 5 branches of the dungeon, and saw 22 of its levels.
You also visited: Ossuary, Bailey and Volcano.

You collected 2357 gold pieces.
You spent 814 gold pieces at shops.

Inventory:

Hand Weapons
 i - a +7 vampiric mace
 D - a +5 war axe of freezing (weapon)
 U - the +10 morningstar of Harmony {vorpal, rElec Str+5 Int-4}
   (Trog gifted it to you on level 4 of the Lair of Beasts)

   It inflicts extra damage upon your enemies.
   Str:       It affects your strength (+5).
   Int:       It affects your intelligence (-4).
   rElec:     It insulates you from electricity.
Missiles
 l - 5 throwing nets (quivered)
Armour
 a - a +0 troll leather armour
 c - a +1 kite shield (worn)
 E - +3 swamp dragon scales (worn)
 G - a +0 cloak (worn)
Jewellery
 f - an amulet of regeneration (around neck)
 n - the amulet of the Manifold Curses {Spirit Will- Regen+ Str-3 Dex+4}
   (You took it off an orc wizard on level 8 of the Dungeon)

   [amulet of guardian spirit]

   It causes incoming damage to be divided between your reserves of health and
   magic.
   Str:       It affects your strength (-3).
   Dex:       It affects your dexterity (+4).
   Regen:     It increases your rate of health regeneration.
   Will:      It decreases your willpower.
 y - the ring of Lobul (right claw) {Fire Drain Str+6 Slay+3}
   (You acquired it in an ossuary)

   [ring of fire]

   It enhances your fire magic.
   Str:       It affects your strength (+6).
   Slay:      It affects your accuracy & damage with ranged weapons and melee
   (+3).
   rF:        It protects you from fire.
   rC:        It makes you vulnerable to cold.
   Drain:     It drains your maximum health when unequipped.
 C - the ring of Truth (left claw) {Drain rPois MP+9 Int+3}
   (You took it off a centaur on level 8 of the Dungeon)

   [ring of magical power]

   Int:       It affects your intelligence (+3).
   rPois:     It protects you from poison.
   MP:        It affects your magic capacity (+9).
   Drain:     It drains your maximum health when unequipped.
 F - an amulet of guardian spirit
 K - a ring of fire
 Y - a ring of resist corrosion
Wands
 b - a wand of iceblast (9)
 v - a wand of flame (27)
 I - a wand of charming (6)
 J - a wand of digging (2)
 M - a wand of polymorph (2)
 P - a wand of paralysis (3)
Scrolls
 k - 2 scrolls of fear
 s - a scroll of summoning
 t - 3 scrolls of fog
 H - 4 scrolls of teleportation
 L - a scroll of blinking
 Q - a scroll of silence
 R - 3 scrolls of identify
 S - a scroll of enchant armour
Potions
 d - 3 potions of might
 g - a potion of berserk rage
 h - 2 potions of attraction
 j - 3 potions of heal wounds
 m - 4 potions of mutation
 o - 4 potions of brilliance
 q - 6 potions of curing
 r - a potion of flight
 u - 6 potions of lignification
 w - 3 potions of resistance
 z - 2 potions of ambrosia
 A - a potion of cancellation
 B - 2 potions of invisibility
 V - a potion of magic
Miscellaneous
 N - a lightning rod (4/4)


   Skills:
 + Level 12.2 Fighting
 - Level 1.5(7.8) Axes
 + Level 13.0(13.1) Maces & Flails
 + Level 12.3 Dodging
 + Level 12.2 Shields


You had 15 spell levels left.
You didn't know any spells.
Your spell library contained the following spells:

 Spells                   Type           Power      Damage    Failure   Level
 Blink                    Tloc           0%         N/A       86%         2
 Manifold Assault         Tloc           0%         N/A       100%        5
 Storm Form               Tmut/Air       0%         N/A       100%        7


Dungeon Overview and Level Annotations

Branches:
Dungeon (12/15)            Temple (1/1) D:5            Lair (6/6) D:10
  Swamp (0/4) Lair:4        Slime (1/5) Lair:5          Orc (2/2) D:12
    Elf (0/3) Orc:2       Ossuary (visited)          Bailey (visited)
Volcano (visited)
  Snake: Lair:2-4    Spider: Lair:2-4

Altars:
Ashenzari
Cheibriados
Dithmenos
Elyvilon
Fedhas
Gozag
Hepliaklqana
Kikubaaqudgha
Makhleb
Nemelex Xobeh
Okawaru
Qazlal
Ru
Sif Muna
Trog
Uskayaw
Vehumet
Wu Jian
Xom
Yredelemnul
Zin
The Shining One

Shops:
D:5 [   D:7 (   Orc:1 **?   Orc:2 [*!(

Portals:
Abyss: Lair:4

Annotations:
D:9 Snorg
D:10 exclusion: obsidian statue


Innate Abilities, Weirdness & Mutations

You are too large for most types of armour.
You have claws for hands.
Your natural rate of healing is unusually fast.
You are covered in fur. (AC +1)
You have tough skin. (AC +1)


Message History

The slime creature quivers. x4; The azure jelly quivers.
Found a stone staircase leading down.
There is a staircase back to the Lair here.
Two slime creatures merge to form a large slime creature.
There is a staircase back to the Lair here.
Two slime creatures merge to form a very large slime creature.
The azure jelly closely misses you. The azure jelly barely misses you.
You block the azure jelly's attack. The azure jelly hits you.
The slime creature barely misses you.
The azure jelly hits you but does no damage.
The azure jelly hits you. The azure jelly freezes you!!!
You feel a terrible chill! The azure jelly closely misses you. x2
You climb upwards.
Welcome back to the Lair of Beasts!
There is a staircase to the Slime Pits here.
You slash the slime creature! You freeze the slime creature!
The slime creature is moderately wounded.
You slash the azure jelly! You freeze the azure jelly.
The slime creature closely misses you.
The azure jelly hits you but does no damage.
The azure jelly misses you. x2; You block the azure jelly's attack.
You barely miss the slime creature.
The slime creature is moderately wounded.
You slash the azure jelly! You freeze the azure jelly.
The azure jelly hits you. The azure jelly freezes you!!!
You feel a terrible chill!
The azure jelly hits you but does no damage. x2
The azure jelly closely misses you. You block the slime creature's attack.
The slime creature hits you. You block the azure jelly's attack. x2
The azure jelly hits you.
The azure jelly hits you but does no damage.
You block the slime creature's attack. You block the azure jelly's attack.
The azure jelly barely misses you. The azure jelly hits you.
You block the azure jelly's attack. The azure jelly hits you.
The azure jelly freezes you!!!
You feel a terrible chill!
* * * LOW HITPOINT WARNING * * *
The azure jelly hits you.
* * * LOW HITPOINT WARNING * * *
The azure jelly freezes you!!!
You feel a terrible chill!
You die...

### ###P..#..#..#
##.###..........P# ######
#................## #.P#.##
#...............[.# #.....#
#P#......#........# #P....#
###...#..........## ##....#
##...............#######.#.P#
##.#...........JJ.(#.#.#..P.##
###...#...>...#.@............#
.............................#
..........................P..##
.......#.....#............#.#.#
..........#........#.#......###
..................#.######..#
....................##.#..#.#
..................)...#.###.###
........................##....#


You could see an azure jelly and a slime creature.

Vanquished Creatures
  The ghost of Tunlugh the Earth Mage, an adept GrEE of Vehumet (Lair:4)
  An ettin (Orc:1)
  Erolcha (Orc:1)
  Harold (D:10)
  2 boulder beetles
  2 hydras (D:11)
  4 two-headed ogres
  2 death knights
  Erica (D:8)
  3 death yaks (Lair:6)
  2 tengu warriors
  An alligator (Lair:6)
  A thrashing horror (Lair:4)
  A skeletal warrior (D:12)
  3 phantasmal warriors (D:12)
  7 orc knights
  A deep elf pyromancer (Volcano)
  A wolf spider (Lair:5)
  A manticore (D:11)
  3 ugly things (Lair:4)
  Maurice (D:10)
  3 cyclopes
  2 salamanders (Volcano)
  8 black mambas
  A guardian serpent (Lair:6)
  4 centaur zombies
  Maggie (D:10)
  14 cane toads
  A hellion (Lair:4)
  4 gargoyles
  8 komodo dragons
  A kobold demonologist (D:10)
  7 trolls
  12 polar bears
  6 hornets
  20 blink frogs
  16 slime creatures
  3 raiju (Lair:6)
  11 dream sheep
  A spriggan (Lair:4)
  21 wyverns
  A large abomination (Lair:4)
  43 yaks
  4 fire bats (Lair:5)
  5 steam dragons
  2 redbacks (Lair:6)
  8 wargs
  Edmund (D:4)
  Menkaure (D:4)
  15 water moccasins
  14 hell hounds (Lair:6)
  40 orc warriors
  An ice beast (D:6)
  2 sky beasts
  11 black bears (Lair:6)
  3 necrophages
  34 wolves
  9 ogres
  17 centaurs
  2 phantoms
  A kobold brigand (D:5)
  13 bullfrogs
  3 gnoll sergeants
  7 scorpions
  2 wyvern zombies (D:8)
  7 water moccasin zombies (Ossuary)
  14 killer bees
  6 electric eels
  8 wights
  4 howler monkeys
  A bullfrog skeleton (D:5)
  4 jellies
  Crazy Yiuf (D:7)
  A centaur skeleton (D:6)
  3 gnoll shamans
  5 hounds
  13 orc priests
  Ijyb (D:5)
  4 iguanas
  23 orc wizards
  A killer bee zombie (D:8)
  2 mummies (Ossuary)
  A hound skeleton (D:5)
  A hound zombie (D:5)
  2 howler monkey zombies (D:9)
  31 gnolls
  6 adders
  A shadow imp (D:5)
  2 adder zombies (Ossuary)
  2 worms
  73 orcs
  8 ball pythons
  8 endoplasms
  A giant cockroach (D:3)
  9 goblins
  5 hobgoblins
  8 quokkas
  2 bats
  2 frilled lizards
  3 gnoll zombies (Ossuary)
  6 hobgoblin zombies (Ossuary)
  13 kobolds
  4 kobold zombies (Ossuary)
  2 orc zombies (Ossuary)
  7 rats
718 creatures vanquished.

Vanquished Creatures (others)
  64 fungi
  155 plants
219 creatures vanquished.

Grand Total: 937 creatures vanquished

Notes
Turn   | Place    | Note
-------+----------+-------------------------------------------
     0 | D:1      | anyiome the Troll Fighter began the quest for the Orb.
     0 | D:1      | Reached XP level 1. HP: 22/22 MP: 0/0
   148 | D:1      | Found a faded altar of an unknown god.
   275 | D:1      | Reached skill level 2 in Maces & Flails
   275 | D:1      | Reached XP level 2. HP: 29/29 MP: 1/1
   751 | D:2      | Reached XP level 3. HP: 36/36 MP: 2/2
  1205 | D:3      | Reached XP level 4. HP: 44/44 MP: 3/3
  2038 | D:4      | Noticed Edmund
  2418 | D:4      | Noticed a phantom
  2478 | D:3      | Killed a phantom
  2479 | D:3      | Reached skill level 3 in Maces & Flails
  2479 | D:3      | Reached XP level 5. HP: 46/53 MP: 4/4
  2621 | D:4      | Reached XP level 6. HP: 61/61 MP: 5/5
  2965 | D:4      | Reached XP level 7. HP: 53/68 MP: 6/6
  3396 | D:4      | Killed Edmund
  3397 | D:4      | Reached skill level 4 in Maces & Flails
  3706 | D:5      | Entered Level 5 of the Dungeon
  3750 | D:4      | Reached XP level 8. HP: 69/70 MP: 7/7
  3774 | D:5      | Noticed Ijyb
  3811 | D:5      | Killed Ijyb
  3998 | D:5      | Found Fiuhym Guxt's Armour Emporium.
  4370 | D:5      | Reached skill level 5 in Maces & Flails
  4416 | D:5      | Noticed Menkaure
  4527 | D:4      | Killed Menkaure
  4528 | D:4      | Reached skill level 5 in Fighting
  4528 | D:4      | Reached skill level 5 in Dodging
  4528 | D:4      | Reached skill level 5 in Shields
  4664 | D:5      | Found a staircase to the Ecumenical Temple.
  5046 | Temple   | Entered the Ecumenical Temple
  5221 | Temple   | Became a worshipper of Trog the Wrathful
  5354 | D:6      | Found a sand-covered staircase.
  5466 | D:6      | Reached XP level 9. HP: 78/88 MP: 8/8
  5484 | Ossuary  | Entered an ossuary
  5526 | Ossuary  | Reached * piety under Trog
  5707 | Ossuary  | Identified a scroll of acquirement
  5707 | Ossuary  | Acquired the ring of Lobul {Fire Drain Str+6 Slay+3}
  5954 | D:6      | Reached skill level 6 in Maces & Flails
  5957 | D:6      | Reached ** piety under Trog
  6393 | D:7      | Found Ticoita's Weapon Shoppe.
  6682 | D:7      | Noticed a boulder beetle
  6857 | D:7      | Found a runed translucent door.
  6858 | D:7      | Noticed Crazy Yiuf
  6863 | D:7      | Killed Crazy Yiuf
  7051 | D:8      | Reached XP level 10. HP: 96/100 MP: 9/9
  7182 | D:8      | Noticed Erica
  7320 | D:8      | Reached skill level 7 in Maces & Flails
  7422 | D:8      | Noticed a tengu warrior
  7440 | D:8      | Paralysed by a hornet for 2 turns
  7447 | D:8      | Paralysed by a hornet for 2 turns
  7875 | D:8      | Reached *** piety under Trog
  8128 | D:8      | Paralysed by a hornet for 2 turns
  8147 | D:8      | Paralysed by a hornet for 3 turns
  8323 | D:8      | Identified the amulet of the Manifold Curses {Spirit Will-
                  | Regen+ Str-3 Dex+4}
  8384 | D:8      | Identified the ring of Truth {Drain rPois MP+9 Int+3}
  8581 | D:8      | HP: 5/102 [tengu warrior/+0 great sword of distortion (5)]
  8591 | D:8      | Noticed a death knight
  8781 | D:9      | Noticed a two-headed ogre
  8788 | D:9      | Killed a two-headed ogre
  8904 | D:9      | Reached skill level 8 in Maces & Flails
  8944 | D:9      | Found a flagged portal.
  8955 | Bailey   | Entered a bailey
  8988 | Bailey   | Reached **** piety under Trog
  9070 | Bailey   | Reached XP level 11. HP: 109/109 MP: 10/10
  9760 | D:10     | Entered Level 10 of the Dungeon
  9775 | D:10     | Noticed an obsidian statue
  9865 | D:10     | Noticed a brown ugly thing
 10295 | D:10     | Found a shimmering blue altar of Sif Muna.
 10301 | D:10     | Found a basalt altar of Yredelemnul.
 10312 | D:10     | Found a glowing silver altar of Zin.
 10313 | D:10     | Found a hazy altar of Hepliaklqana.
 10313 | D:10     | Found a broken altar of Ashenzari.
 10313 | D:10     | Found a sacrificial altar of Ru.
 10360 | D:10     | Noticed Maurice
 10377 | D:10     | Paralysed by something for 7 turns
 10407 | D:10     | Killed Maurice
 10498 | D:10     | Noticed Snorg
 10594 | D:9      | Killed a tengu warrior
 10865 | D:9      | Killed a death knight
 11859 | D:8      | Killed Erica
 13310 | D:10     | Found a staircase to the Lair.
 13371 | D:10     | Reached skill level 9 in Maces & Flails
 13611 | D:10     | Noticed Maggie
 13623 | D:10     | Killed Maggie
 13674 | D:10     | Noticed Harold
 13693 | D:10     | Killed Harold
 14038 | D:11     | Noticed a two-headed ogre
 14059 | D:10     | Noticed a soul eater
 14081 | D:11     | Killed a two-headed ogre
 14083 | D:11     | Reached XP level 12. HP: 105/122 MP: 11/11
 14215 | D:11     | Reached ***** piety under Trog
 14461 | D:11     | Noticed a boulder beetle
 14495 | D:11     | Killed a boulder beetle
 14822 | D:12     | Noticed a five-headed hydra
 14837 | D:11     | Killed a five-headed hydra
 15226 | D:12     | Noticed a two-headed ogre
 15227 | D:12     | Noticed a six-headed hydra
 15333 | D:11     | Killed a two-headed ogre
 15395 | D:12     | Noticed a two-headed ogre
 15438 | D:11     | Killed a six-headed hydra
 15482 | D:11     | Received a gift from Trog
 15555 | D:11     | Killed a two-headed ogre
 15556 | D:11     | Reached skill level 10 in Maces & Flails
 15761 | D:12     | Noticed a death knight
 15772 | D:12     | Killed a death knight
 16239 | D:12     | Noticed a tengu warrior
 16289 | D:12     | Killed a tengu warrior
 16446 | D:12     | Found the +18 Lear's hauberk
 16614 | D:12     | Found a staircase to the Orcish Mines.
 16625 | Orc:1    | Entered Level 1 of the Orcish Mines
 16688 | D:12     | Reached XP level 13. HP: 94/133 MP: 12/12
 16793 | Orc:1    | Found Pociadghisu's General Store.
 16797 | Orc:1    | Found Pacumudi's Specific Store.
 16809 | Orc:1    | Bought a potion of might for 56 gold pieces
 16809 | Orc:1    | Bought a scroll of enchant weapon for 105 gold pieces
 16809 | Orc:1    | Bought a wand of paralysis (1) for 42 gold pieces
 16829 | Orc:1    | Found Iphuas's Magic Scroll Shop.
 16841 | Orc:1    | Bought 2 scrolls of enchant armour for 210 gold pieces
 16841 | Orc:1    | Bought a scroll of silence for 105 gold pieces
 16841 | Orc:1    | Bought a scroll of identify for 28 gold pieces
 16841 | Orc:1    | Bought a scroll of identify for 28 gold pieces
 16960 | Orc:2    | Entered Level 2 of the Orcish Mines
 16980 | Orc:2    | Noticed an ettin
 17134 | Orc:1    | Killed an ettin
 17323 | Orc:1    | Reached skill level 10 in Shields
 17395 | Orc:1    | Reached skill level 10 in Dodging
 17395 | Orc:1    | Noticed Erolcha
 17407 | Orc:1    | Killed Erolcha
 17408 | Orc:1    | Reached skill level 10 in Fighting
 18139 | Orc:2    | Received a gift from Trog
 18746 | Orc:1    | Reached skill level 11 in Maces & Flails
 19638 | Orc:2    | Found a staircase to the Elven Halls.
 19747 | Orc:2    | Found Huickosa's Distillery.
 19747 | Orc:2    | Found Bomebaika's Assorted Antiques.
 19749 | Orc:2    | Found Docuamm's Antique Armour Emporium.
 19751 | Orc:2    | Found Qeuczeq's Weapon Shop.
 19761 | Orc:2    | Bought 2 potions of resistance for 240 gold pieces
 20556 | Lair:1   | Entered Level 1 of the Lair of Beasts
 21379 | Lair:2   | You fall into a shaft and drop 1 floor!
 21549 | Lair:3   | Found a dark tunnel.
 21594 | Volcano  | Entered a volcano
 21890 | Volcano  | Noticed a red draconian
 22125 | Lair:3   | Reached XP level 14. HP: 128/144 MP: 13/13
 22261 | Lair:3   | Reached ****** piety under Trog
 23003 | Lair:4   | Found the +7 Spriggan's Knife {stab, EV+4 Stlth+}
 23066 | Lair:4   | Identified the +10 morningstar of Harmony {vorpal, rElec
                  | Str+5 Int-4} (Trog gifted it to you on level 4 of the Lair
                  | of Beasts)
 23066 | Lair:4   | Received a gift from Trog
 23336 | Lair:4   | Found a one-way gate to the infinite horrors of the Abyss.
 23350 | Lair:4   | Found a transporter.
 23378 | Lair:4   | Found a staircase to the Swamp.
 23382 | Lair:4   | Found a transporter.
 23388 | Lair:4   | Noticed Tunlugh's ghost (adept GrEE)
 23435 | Lair:4   | HP: 7/146 [spriggan/+0 demon trident of distortion (3)]
 23517 | Lair:4   | Killed Tunlugh's ghost
 23518 | Lair:4   | Reached skill level 12 in Maces & Flails
 24478 | Lair:5   | Found a staircase to the Slime Pits.
 25087 | Lair:6   | Entered Level 6 of the Lair of Beasts
 25678 | Lair:6   | Received a gift from Trog
 26350 | Lair:6   | Reached XP level 15. HP: 156/156 MP: 14/14
 26645 | Lair:6   | Received a gift from Trog
 26802 | Lair:6   | Reached skill level 1 in Axes
 26802 | Lair:6   | Reached skill level 13 in Maces & Flails
 26802 | Lair:6   | Reached XP level 16. HP: 165/165 MP: 15/15
 26803 | Lair:6   | Acquired a manual of Shields
 27193 | Slime:1  | Entered Level 1 of the Pits of Slime
 27208 | Lair:5   | Annihilated by an azure jelly

Illustrated notes

Levels and vault maps discovered:
D:1:      dpeg_cavernosity, layout_rooms, ebering_ecumenical_altar_hall
D:2:      layout_rooms, hangedman_decor_clover_reticule,
          minmay_goblin_kobold_house
D:3:      layout_loops_cross
D:4:      layout_loops_cross, uniq_edmund
D:5:      minmay_spotlight, layout_layer_cave, minmay_temple_entry_large_hall,
          serial_shops, nicolae_shop_trees, hangedman_abyss_or_decor_slice,
          uniq_menkaure, uniq_ijyb
D:6:      layout_rooms, lightli_ossuary_entry_decrepit_ruins
D:7:      layout_rooms, serial_shops, nicolae_shop_bloodbath_and_beyond,
          serial_bayou_pond_e, lightli_corner_chamber, uniq_crazy_yiuf_cottage
D:8:      nzn_winding_woodlands_medium [nzn_winding_woodlands_5x5_cross,
          nzn_winding_woodlands_5x15_sidewinder,
          nzn_winding_woodlands_hourglass, nzn_winding_woodlands_5x5_three,
          nzn_winding_woodlands_center_triple_pond,
          nzn_winding_woodlands_5x5_closed_star,
          nzn_winding_woodlands_5x5_perimeter, nzn_winding_woodlands_5x15_eye,
          nzn_winding_woodlands_5x5_open_star], layout_loops_ring,
          serial_bayou_lagoon_b, uniq_erica
D:9:      layout_loops_ring, enter_bailey_3, hangedman_decor_slide_cut
D:10:     layout_loops_cross, grunt_temple_overflow_open,
          grunt_lair_entry_orc_guard_hut, minmay_protected_statue, uniq_maggie,
          uniq_harold, uniq_snorg, uniq_maurice
D:11:     layout_cave_pools, kennysheep_nub, chequers_serial_rivers_micro_c
D:12:     layout_cave_pools, erik_orc_2, hellmonk_guarded_unrand_lears
Temple:   eino_temple_scatter_basement
Lair:1:   layout_misc_corridors, lemuel_fruit_tree, grunt_megastairs_3,
          lemuel_fruit_fields
Lair:2:   layout_gridlike, nicolae_spider_entry_orb_guardian,
          grunt_megastairs_2, uniq_urug
Lair:3:   layout_chaotic_city, enter_volcano_2, serial_bayou_shore_a
Lair:4:   layout_hall_layers, swamp_mist, gammafunk_ghost_abyssal_escape
Lair:5:   layout_gridlike, nicolae_slime_entry_slimehenge, lookout_lair_type,
          minivault_11
Lair:6:   hangedman_lair_tendril_chambers, layout_loops_ring,
          hangedman_lair_caniforms_friends, chequers_serial_rivers_small_3,
          chequers_serial_rivers_micro_a
Slime:1:  layout_caves
Orc:1:    layout_diamond_mine, serial_shops, shop, nicolae_specific_store,
          uniq_erolcha
Orc:2:    st_orc_rangers, layout_caves

Skill      XL: |  1  2  3  4  5  6  7  8  9 10 11 12 13 14 15 |
---------------+----------------------------------------------+-----
Maces & Flails | 2 3 4 5 6 8 9 10 11 12 13 | 13.0
Shields        | 3 4 5 6 7 8 9 10 11 12 | 12.2
Dodging        | 3 4 5 6 7 8 9 10 11 12 | 12.3
Fighting       | 3 4 5 6 7 8 9 10 11 12 | 12.2
Axes           | 1 |  1.5

Action                   |  1- 3 |  4- 6 |  7- 9 | 10-12 | 13-15 | 16-18 || total
-------------------------+-------+-------+-------+-------+-------+-------++-------
Melee: Flail             |    15 |       |       |       |       |       ||    15
       Mace              |    98 |   115 |   440 |   734 |    39 |       ||  1426
       War axe           |       |       |       |   160 |   917 |    20 ||  1097
       Morningstar       |       |       |       |       |    35 |       ||    35
Invok: Berserk           |       |       |     1 |     8 |     2 |       ||    11
       Trog's Hand       |       |       |       |       |     1 |       ||     1
  Use: Scroll            |       |     8 |    11 |    16 |     9 |     1 ||    45
       Potion            |       |       |       |     7 |     6 |       ||    13
 Stab: Sleeping          |       |     1 |     1 |       |       |       ||     2
Armor: Robe              |    41 |    14 |    95 |    85 |       |       ||   235
       Swamp dragon scal |       |       |       |   144 |   388 |    28 ||   560
Dodge: Dodged            |    39 |    47 |   188 |   441 |   708 |    29 ||  1452
Block: Kite shield       |    40 |    55 |   248 |   645 |   957 |    31 ||  1976
